 Dungeon Crawl Stone Soup version 0.28-a0-938-gbc3f381ebc (webtiles) character file.

Game seed: 1129824697685565162

493 siradein the Skirmisher (level 6, 0/49 HPs)
             Began as a Demonspawn Fighter on Nov 29, 2021.
             Slain by a gnoll (4 damage)
             ... on level 4 of the Dungeon.
             The game lasted 00:17:38 (4590 turns).

siradein the Skirmisher (Demonspawn Fighter)        Turns: 4590, Time: 00:17:41

Health: 0/49       AC: 13    Str: 18    XL:     6   Next: 92%
Magic:  6/6        EV:  3    Int:  9    God:
Gold:   99         SH:  9    Dex: 13    Spells: 5/5 levels left

rFire   . . .      SeeInvis .   a - +0 long sword
rCold   + . .      Faith    .   i - +0 kite shield
rNeg    . . .      Spirit   .   p - +0 plate armour
rPois   .          Reflect  .   c - +0 helmet
rElec   .          Harm     .   (no cloak)
rCorr   .          Rampage  .   (no gloves)
Will    .....                   (no boots)
Stlth   ..........              (no amulet)
HPRegen 0.16/turn               o - ring of protection from cold
MPRegen 0.20/turn               (no ring)

@: mighty, constricted
A: repulsion field 2, magic regeneration, demonic touch 1
a: no special abilities


You were on level 4 of the Dungeon.
You visited 1 branch of the dungeon, and saw 5 of its levels.

You collected 99 gold pieces.

Inventory:

Hand Weapons
 a - a +0 long sword (weapon)
Missiles
 n - 4 curare-tipped darts
 r - 2 boomerangs (quivered)
 s - 2 datura-tipped darts
Armour
 c - a +0 helmet (worn)
 i - a +0 kite shield (worn)
 p - a +0 plate armour (worn)
Jewellery
 o - a ring of protection from cold (left hand)
Scrolls
 f - 3 scrolls of identify {unknown}
 g - a scroll of enchant armour {unknown}
 h - a scroll of magic mapping {unknown}
 l - a scroll of immolation {unknown}
Potions
 b - a potion of lignification {unknown}
 e - a potion of degeneration {unknown}
 j - 2 potions of heal wounds {unknown}
 k - a potion of mutation {unknown}
 m - 3 potions of curing
 q - a potion of invisibility {unknown}
 t - a potion of attraction {unknown}


   Skills:
 + Level 4.6 Fighting
 + Level 3.7 Long Blades
 + Level 4.2 Armour
 + Level 4.2 Shields


You had 5 spell levels left.
You didn't know any spells.
Your spell library contained the following spells:

 Spells                   Type           Power      Damage    Failure   Level
 Shock                    Conj/Air       0%         1d3       100%        1
 Summon Small Mammal      Summ           0%         N/A       100%        1
 Call Canine Familiar     Summ           0%         N/A       100%        3
 Summon Guardian Golem    Hex/Summ       0%         N/A       100%        3
 Swiftness                Air            0%         N/A       100%        3
 Airstrike                Air            0%         N/A       100%        4
 Conjure Ball Lightning   Conj/Air       0%         3x3d6     100%        6
 Orb of Destruction       Conj           0%         N/A       100%        7
 Spellforged Servitor     Conj/Summ      0%         N/A       100%        7
 Discord                  Hex            0%         N/A       100%        8
 Disjunction              Tloc           0%         N/A       100%        8


Dungeon Overview and Level Annotations

Branches:
Dungeon (5/15)
 Temple: D:4-7

Altars:
Gozag
Makhleb
Nemelex Xobeh
Uskayaw
Xom


Innate Abilities, Weirdness & Mutations

You are surrounded by a moderate repulsion field. (EV +3)
You regenerate magic rapidly.
Your touch may inflict minor irresistible damage on your foes.


Message History

You block the gnoll's attack.
The ball python bites you but does no damage.
The ball python grabs you. The ball python constricts you.
The gnoll hits you but does no damage.
A gnoll comes into view. It is wielding a +0 spear.
The gnoll hits you with a +0 flail. The ball python bites you.
The ball python constricts you. You block the gnoll's attack.
You barely miss the ball python.
The ball python bites you but does no damage.
The ball python constricts you. The gnoll hits you with a +0 flail.
The gnoll hits you with a +0 club. The gnoll barely misses you.
Your shield and plate armour prevent you from hitting the ball python.
You block the ball python's attack. The ball python constricts you.
The gnoll hits you but does no damage.
A gnoll comes into view. It is wielding a +0 whip.
The gnoll hits you but does no damage.
The ball python bites you but does no damage.
The ball python constricts you. The gnoll barely misses you.
The gnoll completely misses you.
You feel very mighty all of a sudden.
The gnoll shouts!
The gnoll hits you with a +0 club.
* * * LOW HITPOINT WARNING * * *
You block the ball python's attack. The ball python constricts you.
A gnoll comes into view. It is wielding a +0 spear.
The gnoll barely misses you. The gnoll hits you with a +0 flail.
* * * LOW HITPOINT WARNING * * *
You closely miss the gnoll.
The ball python bites you but does no damage.
The ball python constricts you. The gnoll hits you with a +0 club.
* * * LOW HITPOINT WARNING * * *
You block the gnoll's attack. You block the ball python's attack.
The ball python constricts you. The gnoll hits you but does no damage.
Your plate armour prevents you from hitting the gnoll.
You block the ball python's attack. The ball python constricts you.
You block the gnoll's attack. The gnoll hits you with a +0 club.
* * * LOW HITPOINT WARNING * * *
The gnoll barely misses you. You block the ball python's attack.
The ball python constricts you. The gnoll hits you with a +0 flail.
You die...

### ..#
... #.#
#.# #K#
##.#.###g#
....ggS@g#
.....g####
..... ....
... .. .


You could see 5 gnolls, a ball python and a kobold.

Vanquished Creatures
  An ogre (D:4)
  4 crimson imps
  A bullfrog zombie (D:3)
  Natasha (thrice) (D:2)
  An iguana (D:4)
  An orc wizard (D:3)
  A gnoll (D:5)
  An adder (D:3)
  An adder skeleton (D:2)
  2 worms (D:2)
  A dart slug (D:1)
  4 orcs
  8 ball pythons
  4 endoplasms
  3 giant cockroaches
  6 goblins
  12 hobgoblins
  5 jackals
  A quokka (D:1)
  2 bats
  7 frilled lizards
  9 kobolds
  A quokka skeleton (D:4)
  9 rats
88 creatures vanquished.

Notes
Turn   | Place    | Note
-------+----------+-------------------------------------------
     0 | D:1      | siradein the Demonspawn Fighter began the quest for the
                  | Orb.
     0 | D:1      | Reached XP level 1. HP: 18/18 MP: 1/1
   353 | D:1      | Gained mutation: You are surrounded by a mild repulsion
                  | field. (EV +2) [demonic ancestry]
   353 | D:1      | Reached XP level 2. HP: 20/24 MP: 2/2
   415 | D:1      | Found a faded altar of an unknown god.
   602 | D:1      | Gained mutation: You regenerate magic rapidly. [demonic
                  | ancestry]
   602 | D:1      | Reached XP level 3. HP: 26/29 MP: 3/3
  1682 | D:2      | Gained mutation: You are surrounded by a moderate repulsion
                  | field. (EV +3) [demonic ancestry]
  1682 | D:2      | Reached XP level 4. HP: 35/35 MP: 4/4
  1951 | D:3      | Noticed an orc warrior
  1995 | D:3      | Noticed Natasha
  2012 | D:2      | Killed Natasha
  2158 | D:2      | Noticed Natasha
  2173 | D:2      | Killed Natasha
  2424 | D:2      | Noticed Natasha
  2658 | D:2      | Killed Natasha
  2659 | D:2      | Gained mutation: Your touch may inflict minor irresistible
                  | damage on your foes. [demonic ancestry]
  2659 | D:2      | Reached XP level 5. HP: 35/42 MP: 5/5
  2913 | D:3      | Found a shimmering altar of Xom.
  3558 | D:3      | Reached XP level 6. HP: 30/48 MP: 6/6
  4020 | D:3      | Found a hide-covered altar of Uskayaw.
  4020 | D:3      | Found a sparkling altar of Nemelex Xobeh.
  4020 | D:3      | Found a burning altar of Makhleb.
  4020 | D:3      | Found an opulent altar of Gozag.
  4552 | D:5      | Entered Level 5 of the Dungeon
  4590 | D:4      | Slain by a gnoll

Illustrated notes

Levels and vault maps discovered:
D:1:      lightli_arrival_statue_moat, layout_loops_ring,
          chequers_ecumenical_altar_island
D:2:      layout_basic
D:3:      layout_rooms, led_xom_imps, grunt_temple_overflow_cloverleaf,
          uniq_natasha
D:4:      layout_basic, kennysheep_little_box, bh_walls_and_bars
D:5:      layout_layer_cave, okawaru_trees_1, mainiacjoe_overflow_cross_hatched,
          ebering_ghost_disaster_area

Skill      XL: |  1  2  3  4  5  6 |
---------------+-------------------+-----
Long Blades    | 2 3 |  3.7
Shields        | 3 4 |  4.2
Armour         | 3 4 |  4.2
Fighting       | 4 |  4.6

Action                   |  1- 3 |  4- 6 || total
-------------------------+-------+-------++-------
Melee: Long sword        |   153 |   196 ||   349
       Dagger            |       |     6 ||     6
Throw: Boomerang         |       |     3 ||     3
       Dart              |       |     3 ||     3
  Use: Potion            |       |     2 ||     2
Armor: Scale mail        |    53 |    10 ||    63
       Plate armour      |       |   122 ||   122
Dodge: Dodged            |    64 |    78 ||   142
Block: Buckler           |    12 |       ||    12
       Kite shield       |    34 |   111 ||   145

Table legend: (Time is in decaauts)
 A = Elapsed time spent in this place.
 B = Non-inter-level travel time spent in this place.
 C = Inter-level travel time spent in this place.
 D = Time resting spent in this place.
 E = Time spent auto-exploring this place.
 F = Levels seen in this place.
 G = Mean time per level.
                   A        B        C        D        E       F      G
               +--------+--------+--------+--------+--------+-----+--------+
         Total |   4763 |   4649 |    114 |   1126 |   2093 |   5 |  952.6 |
       Dungeon |   4763 |   4649 |    114 |   1126 |   2093 |   5 |  952.6 |
               +--------+--------+--------+--------+--------+-----+--------+

Top non-repeatable levels by time:
     D:1: 1577 daAuts
     D:2: 1554 daAuts
     D:3: 1212 daAuts
     D:4: 391 daAuts
     D:5: 28 daAuts
